 Dungeon Crawl Stone Soup version 0.24.1-8-ga250c9d538 (webtiles) character file.

Game seed: 3673097068090872722, levelgen mode: deterministic

40 Peloso the Skirmisher (level 3, 0/29 HPs)
             Began as a Demonspawn Fighter on Apr 27, 2020.
             Slain by an iron imp (8 damage)
             ... on level 2 of the Dungeon.
             The game lasted 00:02:47 (998 turns).

Peloso the Skirmisher (Demonspawn Fighter)           Turns: 998, Time: 00:02:48

Health: 0/29       AC:  8    Str: 17    XL:     3   Next: 30%
Magic:  3/3        EV:  7    Int:  9    God:
Gold:   118        SH:  9    Dex: 12    Spells: 2/2 levels left

rFire    . . .     SeeInvis .   l - -1 hand axe (curse)
rCold    . . .     Gourm    .   c - +0 shield
rNeg     . . .     Faith    .   b - +0 scale mail
rPois    .         Spirit   .   (no helmet)
rElec    .         Reflect  .   (no cloak)
rCorr    .         Harm     .   (no gloves)
MR       .....                  (no boots)
Stlth    +.........             k - amulet of magic regeneration
HPRegen  0.09/turn              h - ring of stealth
MPRegen  0.33/turn              (no ring)

@: no status effects
A: molten scales 1
a: no special abilities


You were on level 2 of the Dungeon.
You were not hungry.

You visited 1 branch of the dungeon, and saw 2 of its levels.

You collected 118 gold pieces.

Inventory:

Hand Weapons
 a - a +0 long sword
 l - a cursed -1 hand axe (weapon)
Armour
 b - a +0 scale mail (worn)
 c - a +0 shield (worn)
Jewellery
 h - a ring of stealth (left hand)
 k - an amulet of magic regeneration (around neck)
 n - an uncursed ring of stealth
Potions
 d - 3 potions of might
 e - a potion of resistance
 g - a potion of brilliance {unknown}
 i - a potion of mutation
 j - a potion of lignification {unknown}
 m - a potion of curing {unknown}
Comestibles
 f - 4 rations


   Skills:
 + Level 3.2 Fighting
 + Level 2.1 Long Blades
 + Level 0.2 Axes
 + Level 3.1 Armour
 + Level 0.3 Dodging
 + Level 0.2 Stealth
 + Level 3.0 Shields


You had 2 spell levels left.
You didn't know any spells.
Your spell library was empty.

Dungeon Overview and Level Annotations

Branches:
Dungeon (2/15)

Altars:
Makhleb


Innate Abilities, Weirdness & Mutations

You are partially covered in molten scales. (AC +2)


Message History

The iron imp hits you.
Your shield prevents you from hitting the iron imp.
The iron imp is lightly wounded.
The iron imp lashes its tail.
The iron imp hits you.
You slash the iron imp!
The iron imp is heavily wounded.
The iron imp hits you but does no damage.
You closely miss the iron imp.
The iron imp is heavily wounded.
The iron imp hits you!
* * * LOW HITPOINT WARNING * * *
You closely miss the iron imp.
The iron imp is heavily wounded.
The iron imp grins evilly.
The iron imp closely misses you.
You closely miss the iron imp.
The iron imp is heavily wounded.
The iron imp hits you!
You die...

#....##.#
#.#...#
#####...#
#.....#
#######.##
#....##
#≈#∩#≈#.#
###...#
#≈≈_≈≈#.#
##..)..
#≈≈.≈≈#.#
#......
#.≈.≈.#.#
#......
#.5.##.#
#......
#@##..#
##.....
#....##
##.....
######
#......
#......
#......
##.....
##...#
#####


You could see an iron imp.

Vanquished Creatures
  A dart slug (D:1)
  2 leopard geckos (D:1)
  A ball python (D:1)
  5 bats
  7 goblins
  2 hobgoblins
  4 jackals (D:1)
  5 kobolds
  5 rats
32 creatures vanquished.

Notes
Turn   | Place    | Note
-------+----------+-------------------------------------------
     0 | D:1      | Peloso the Demonspawn Fighter began the quest for the Orb.
     0 | D:1      | Reached XP level 1. HP: 18/18 MP: 1/1
    46 | D:1      | Gained mutation: You are partially covered in molten
                  | scales. (AC +2) [demonic ancestry]
    46 | D:1      | Reached XP level 2. HP: 18/24 MP: 2/2
   666 | D:1      | Reached XP level 3. HP: 23/29 MP: 3/3
   986 | D:2      | Found a burning altar of Makhleb.
   998 | D:2      | Slain by an iron imp

Levels and vault maps discovered:
D:1:      lightli_arrival_isolated_outpost, layout_rooms, bh_walls_and_bars
D:2:      layout_rooms, makhleb_grotto_becter, first_ration,
          hangedman_abyss_or_decor_stabs, hex_medium

Skill      XL: |  1  2 |
---------------+-------+-----
Long Blades    | 2 |  2.1
Armour         | 3 |  3.1
Shields        | 3 |  3.0
Fighting       | |  3.2
Axes           | |  0.2
Dodging        | |  0.3
Stealth        | |  0.2

Action                   || total
-------------------------++-------
Melee: Long sword        ||    62
       Hand axe          ||    79
  Use: Scroll            ||     4
  Eat: Chunk             ||     1
Armor: Scale mail        ||    78
Dodge: Dodged            ||    48
Block: Shield            ||    98
       Rpst.: Long sword ||     6
